 Dungeon Crawl Stone Soup version 0.27.1-3-gb3d3a73c9e (webtiles) character file.

Game seed: 8056461250328893067

106156 MisterFreud the Warrior (level 15, -1/145 HPs)
             Began as a Minotaur Abyssal Knight on Oct 10, 2021.
             Was the Champion of Lugonu.
             Slain by an orc warrior (16 damage)
             ... on level 2 of the Orcish Mines.
             The game lasted 00:41:40 (30512 turns).

MisterFreud the Warrior (Minotaur Abyssal Knight)  Turns: 30512, Time: 00:41:40

Health: -1/145     AC: 25    Str: 23    XL:     15   Next: 96%
Magic:  25/25      EV:  9    Int:  9    God:    Lugonu [******]
Gold:   2340       SH:  0    Dex: 10    Spells: 14/14 levels left

rFire    . . .     SeeInvis +   S - +4 scimitar (flame)
rCold    . . .     Faith    .   (no shield)
rNeg     . . .     Spirit   .   r - +3 chain mail
rPois    .         Reflect  .   q - +2 hat
rElec    .         Harm     .   v - +0 cloak
rCorr    .         Rampage  .   j - +0 pair of gloves
Will     +....                  X - +2 pair of boots {Fly}
Stlth    ..........             s - amulet of the acrobat
HPRegen  0.34/turn              w - ring of see invisible
MPRegen  0.19/turn              p - +4 ring of slaying

@: flying, studying Crossbows
A: horns 2, retaliatory headbutt
a: Renounce Religion, Depart the Abyss, Bend Space, Banish, Corrupt, Enter the
Abyss, Brand Weapon With Distortion


You were on level 2 of the Orcish Mines.
You worshipped Lugonu.
Lugonu was exalted by your worship.
You visited 3 branches of the dungeon, and saw 23 of its levels.
You visited the Abyss 1 time.
You visited 1 bazaar.

You collected 2604 gold pieces.
You spent 264 gold pieces at shops.

Inventory:

Hand Weapons
 o - a +2 broad axe of electrocution
 z - the +6 falchion "Bafa" {vorpal, Int+4 Dex+5}
   (You found it on level 4 of the Dungeon)

   It inflicts extra damage upon your enemies.
   Int:       It affects your intelligence (+4).
   Dex:       It affects your dexterity (+5).
 S - a +4 scimitar of flaming (weapon)
Missiles
 B - 4 throwing nets (quivered)
 Q - 26 boomerangs
 R - 3 silver boomerangs
 T - 19 javelins
 V - 18 curare-tipped darts
Armour
 j - a +0 pair of gloves (worn)
 q - a +2 hat (worn)
 r - a +3 chain mail (worn)
 v - a +0 cloak (worn)
 X - a +2 pair of boots of flying (worn)
Jewellery
 b - an amulet of faith
 f - an amulet of reflection
 h - a +4 ring of protection
 p - a +4 ring of slaying (right hand)
 s - an amulet of the acrobat (around neck)
 w - a ring of see invisible (left hand)
 E - an amulet of regeneration
 J - the amulet of Sukenomu {rC- rN++ Regen+ MP+9 Stlth+}
   (You found it on level 6 of the Lair of Beasts)

   [amulet of regeneration]

   rC:        It makes you vulnerable to cold.
   rN:        It greatly protects you from negative energy.
   MP:        It affects your magic capacity (+9).
   Regen:     It increases your rate of health regeneration.
   Stlth:     It makes you more stealthy.
 M - a ring of protection from cold
Wands
 a - a wand of charming (21)
 e - a wand of iceblast (11)
 m - a wand of digging (3)
 n - a wand of polymorph (4)
 x - a wand of mindburst (33)
 D - a wand of paralysis (6)
 G - a wand of acid (9)
Scrolls
 d - 3 scrolls of blinking
 g - 7 scrolls of teleportation
 t - a scroll of summoning
 A - 6 scrolls of enchant armour
 H - 3 scrolls of magic mapping
 L - 3 scrolls of identify
 W - a scroll of fear
 Y - 3 scrolls of brand weapon
 Z - 3 scrolls of enchant weapon
Potions
 c - 2 potions of cancellation
 i - 4 potions of haste
 k - a potion of resistance
 l - 2 potions of mutation
 u - 2 potions of brilliance
 C - 4 potions of ambrosia
 F - 2 potions of berserk rage
 I - 2 potions of magic
 N - 3 potions of might
 O - 8 potions of curing
 U - 4 potions of invisibility
Miscellaneous
 y - a lightning rod (4/4)
 K - a box of beasts
 P - a phantom mirror


   Skills:
 + Level 16.4 Fighting
 - Level 14.0 Long Blades
 - Level 15.0 Armour
 - Level 1.1 Dodging
 - Level 15.0 Invocations
 - Level 10.0 Evocations


You had 14 spell levels left.
You didn't know any spells.
Your spell library contained the following spells:

 Spells                   Type           Power      Damage    Failure   Level
 Animate Skeleton         Necr           0%         N/A       87%         1
 Apportation              Tloc           0%         N/A       87%         1
 Corona                   Hex            0%         N/A       87%         1
 Sting                    Tmut/Pois      0%         1d3       87%         1
 Summon Small Mammal      Summ           0%         N/A       87%         1
 Blink                    Tloc           N/A        N/A       95%         2
 Corpse Rot               Necr/Air       N/A        N/A       95%         2
 Passwall                 Tmut/Erth      0%         N/A       95%         2
 Poisonous Vapours        Pois/Air       0%         N/A       95%         2
 Conjure Flame            Conj/Fire      0%         6-21      99%         3
 Frozen Ramparts          Ice            0%         1d2       99%         3
 Gell's Gravitas          Tloc           0%         N/A       99%         3
 Ignite Poison            Fire/Tmut/Pois 0%         N/A       99%         3
 Swiftness                Air            0%         N/A       99%         3
 Teleport Other           Tloc           0%         N/A       99%         3
 Airstrike                Air            0%         N/A       100%        4
 Animate Armour           Summ/Erth      0%         N/A       100%        4
 Dispel Undead            Necr           0%         3d6       100%        4
 Ice Form                 Ice/Tmut       0%         N/A       100%        4
 Olgreb's Toxic Radiance  Pois           0%         N/A       100%        4
 Sticky Flame             Conj/Fire      0%         2d3       100%        4
 Summon Ice Beast         Ice/Summ       0%         N/A       100%        4
 Summon Lightning Spire   Summ/Air       0%         N/A       100%        4
 Blade Hands              Tmut           0%         N/A       100%        5
 Lightning Bolt           Conj/Air       0%         1d11      100%        5
 Manifold Assault         Tloc           0%         N/A       100%        5
 Death Channel            Necr           0%         N/A       100%        6
 Dispersal                Tloc           0%         N/A       100%        6
 Invisibility             Hex            0%         N/A       100%        6
 Iron Shot                Conj/Erth      0%         9d1       100%        6
 Storm Form               Tmut/Air       0%         N/A       100%        7


Dungeon Overview and Level Annotations

Branches:
Dungeon (15/15)            Temple (0/1) D:5            Lair (6/6) D:11
 Shoals (0/4) Lair:4        Snake (0/4) Lair:4        Slime (0/5) Lair:5
    Orc (2/2) D:11            Elf (0/3) Orc:2        Vaults (0/5) D:14
 Depths (0/5) D:15

Altars:
Fedhas
Okawaru
Wu Jian
Xom
The Shining One

Shops:
D:2 :

Annotations:
D:4 1 runed translucent door, PeterMcNeter's ghost, amateur KoBr
D:12 3 runed translucent doors
Lair:6 3 runed translucent doors, diceflayer's ghost, journeyman MiFi


Innate Abilities, Weirdness & Mutations

You have a pair of horns on your head.
You reflexively headbutt those who attack you in melee.


Message History

The orc knight hits you with a +0 glaive.
The orc warrior completely misses you.
You barely miss the orc knight. Your headbutt misses the orc knight.
The orc knight is heavily wounded.
The orc knight roars a battlecry!
The orc warrior hits you with a +0 dire flail.
You closely miss the orc knight.
The orc knight is heavily wounded.
The orc warrior shouts!
You slash the orc knight! You burn the orc knight.
The orc knight is severely wounded.
The orc knight hits you with a +0 glaive!!
The orc warrior hits you with a +0 dire flail!
You slash the orc knight! You burn the orc knight.
The orc knight is almost dead.
The orc warrior shoots a bolt.
The bolt hits you but does no damage.
The orc knight hits you with a +0 glaive!!
* * * LOW HITPOINT WARNING * * *
The orc warrior hits you with a +0 dire flail!!
* * * LOW HITPOINT WARNING * * *
You feel better.
The orc warrior shoots a bolt.
The bolt hits you.
* * * LOW HITPOINT WARNING * * *
The orc knight closely misses you.
The orc warrior hits you with a +0 dire flail.
* * * LOW HITPOINT WARNING * * *
Unknown command.
You feel better.
The orc warrior shoots a bolt.
The bolt completely misses you. The orc knight completely misses you.
You riposte.
You slash the orc knight! You burn the orc knight.
You kill the orc knight!
Lugonu accepts your kill.
The orc warrior hits you but does no damage.
You feel better.
The orc warrior shoots a bolt.
The bolt hits you!
* * * LOW HITPOINT WARNING * * *
The orc warrior hits you but does no damage.
Unknown command.
You feel better.
The orc warrior shoots a bolt.
The bolt hits you but does no damage.
The orc warrior hits you with a +0 dire flail!
You die...

#...§§§§.§.........#.....#.....
....#§§§§#.........#...........
#...§.§§§§....................#
....§§8§§.§...................#
.....§.§§§§..........o.........
....§§.§....)....#.............
.....§§§§§...................).
.......§§#.)).......#..........
#.......§....o@)...............
#.....>.....).[.........#..#..<.
............)...................
.............)<[.................
..#..^.......[[...............[..
...........[≈[≈[)≈......#..[.[(..
.....#......≈.≈≈≈≈≈≈≈...[#.#.....
#.............∩≈≈≈≈.....#####....
...#.......≈≈≈≈≈.....#.###.....


You could see 2 orc warriors.

Vanquished Creatures
  Azrael (D:15)
  A fire dragon (D:14)
  An ice dragon (D:15)
  13 hydras
  A vault guard (D:14)
  Erolcha (D:11)
  A boulder beetle (Lair:4)
  An ogre mage (D:12)
  Erica (D:11)
  The ghost of Borgoz the Fighter, a journeyman GrBe of Trog (D:10)
  8 two-headed ogres
  2 centaur warriors
  16 death yaks
  3 catoblepae (Lair:6)
  A death knight (D:15)
  A tengu warrior (D:14)
  A fire crab (shapeshifter) (D:13)
  Nergalle (D:10)
  A skeletal warrior (D:15)
  A phantasmal warrior (D:15)
  6 deep elf pyromancers
  Pikel (D:8)
  4 orc knights
  10 ugly things
  2 orc sorcerers (Orc:1)
  4 manticores
  11 elephants
  3 cyclopes
  5 black mambas
  Maurice (D:13)
  An eye of devastation (Lair:5)
  Joseph (D:10)
  3 torpor snails (Lair:4)
  2 unseen horrors (D:10)
  9 cane toads
  3 gargoyles
  15 komodo dragons
  A freezing wraith (D:15)
  2 rime drakes
  3 kobold demonologists
  3 efreet
  3 yaktaurs (D:15)
  5 trolls
  A polar bear (Lair:4)
  3 meliai
  12 slime creatures
  10 dream sheep
  19 blink frogs
  A dream sheep (shapeshifter) (D:14)
  A meliai zombie (D:11)
  A wraith (D:12)
  A shadow (D:12)
  A basilisk (shapeshifter) (D:14)
  Eustachio (D:4)
  Sigmund (D:2)
  5 wyverns
  2 humans (D:12)
  55 yaks
  5 basilisks
  A golden eye (shapeshifter) (D:15)
  2 fire elementals (D:15)
  14 vampire mosquitoes
  3 fire bats (Lair:6)
  2 steam dragons (D:7)
  2 wargs
  An acid dragon (D:11)
  A floating eye (Lair:5)
  11 water moccasins
  2 hell hounds (D:15)
  A swamp drake (D:11)
  Purgy (D:3)
  31 orc warriors
  2 sky beasts
  2 black bears
  4 necrophages
  12 ogres
  34 wolves
  8 centaurs
  A phantom (D:7)
  2 lemures (D:8)
  13 kobold brigands
  19 bullfrogs
  2 gnoll sergeants
  2 wyvern zombies
  4 scorpions
  A water moccasin skeleton (D:7)
  12 wights
  4 electric eels
  A bullfrog zombie (D:6)
  8 hounds
  2 jellies (D:7)
  17 orc priests
  Jessica (D:2)
  A centaur skeleton (D:5)
  Terence (D:3)
  3 iguanas
  30 orc wizards
  7 hell rats (Lair:1)
  A killer bee zombie (D:7)
  A hound skeleton (D:4)
  A howler monkey zombie (D:8)
  3 gnolls (D:10)
  A howler monkey skeleton (D:7)
  8 adders
  A shadow imp (D:7)
  An ufetubus (D:6)
  An adder zombie (D:5)
  3 worms
  A dart slug (D:5)
  83 orcs
  10 endoplasms
  5 giant cockroaches
  9 goblins
  7 hobgoblins
  4 jackals (D:1)
  5 quokkas
  7 ball pythons
  4 bats
  6 frilled lizards
  31 kobolds
  A quokka skeleton (D:4)
  8 rats
741 creatures vanquished.

Vanquished Creatures (collateral kills)
  Rupert (D:13)
1 creature vanquished.

Vanquished Creatures (others)
  A tengu conjurer (D:14)
  20 bushes (Lair:5)
  26 fungi
  39 plants
86 creatures vanquished.

Grand Total: 828 creatures vanquished

Notes
Turn   | Place    | Note
-------+----------+-------------------------------------------
     0 | Abyss:1  | MisterFreud the Minotaur Abyssal Knight began the quest for
                  | the Orb.
     0 | Abyss:1  | Reached XP level 1. HP: 19/19 MP: 1/1
    30 | Abyss:1  | Noticed a smoke demon
    32 | D:1      | Escaped the Abyss
   199 | D:1      | Reached skill level 4 in Fighting
   200 | D:1      | Reached * piety under Lugonu
   224 | D:1      | Reached XP level 2. HP: 18/28 MP: 2/2
   880 | D:1      | Reached skill level 5 in Fighting
   947 | D:1      | Reached XP level 3. HP: 36/36 MP: 3/3
  1108 | D:2      | Found Ycrom's Book Boutique.
  1226 | D:2      | Noticed Jessica
  1230 | D:2      | Killed Jessica
  1615 | D:2      | Reached XP level 4. HP: 42/42 MP: 4/4
  1679 | D:2      | Reached ** piety under Lugonu
  1805 | D:2      | Noticed Sigmund
  1812 | D:2      | Killed Sigmund
  1813 | D:2      | Reached skill level 6 in Fighting
  1813 | D:2      | Reached skill level 5 in Armour
  1813 | D:2      | Reached XP level 5. HP: 50/50 MP: 5/5
  2132 | D:3      | Noticed Terence
  2142 | D:3      | Killed Terence
  2143 | D:3      | Reached XP level 6. HP: 52/57 MP: 6/6
  2245 | D:3      | Noticed Purgy
  2253 | D:3      | Killed Purgy
  2254 | D:3      | Reached skill level 5 in Long Blades
  2774 | D:4      | Noticed Eustachio
  2796 | D:4      | Killed Eustachio
  2797 | D:4      | Reached XP level 7. HP: 63/63 MP: 7/7
  2881 | D:4      | Identified the +6 falchion "Bafa" {vorpal, Int+4 Dex+5}
  3101 | D:4      | Found a runed translucent door.
  3101 | D:4      | Noticed PeterMcNeter's ghost (amateur KoBr)
  3805 | D:5      | Entered Level 5 of the Dungeon
  3938 | D:5      | Found a staircase to the Ecumenical Temple.
  4011 | D:5      | Reached XP level 8. HP: 36/70 MP: 8/8
  4195 | D:5      | Identified the +0 plate armour of Rytogeem {Dex+3}
  4275 | D:5      | Reached *** piety under Lugonu
  4289 | D:5      | Reached skill level 10 in Long Blades
  4553 | D:6      | Found a shimmering altar of Xom.
  4553 | D:6      | Found a shimmering altar of Xom.
  4554 | D:6      | Found a shimmering altar of Xom.
  4555 | D:6      | Found a shimmering altar of Xom.
  4568 | D:6      | Found a shimmering altar of Xom.
  4773 | D:6      | Reached skill level 7 in Fighting
  5088 | D:6      | Reached XP level 9. HP: 54/79 MP: 10/10
  5957 | D:7      | Reached skill level 8 in Fighting
  6255 | D:7      | Reached **** piety under Lugonu
  6269 | D:7      | HP: 4/81 [gnoll sergeant (11)]
  6274 | D:7      | Reached skill level 5 in Invocations
  7033 | D:7      | Found an ornate altar of the Wu Jian Council.
  7359 | D:8      | You fall into a shaft and drop 3 floors!
  7504 | D:11     | Noticed Erica
  7504 | D:11     | Noticed a two-headed ogre
  7533 | D:11     | Killed a two-headed ogre
  7534 | D:11     | Reached XP level 10. HP: 40/90 MP: 13/13
  7539 | D:11     | Killed Erica
  7540 | D:11     | Reached skill level 9 in Fighting
  7911 | D:10     | Entered Level 10 of the Dungeon
  8132 | D:9      | Found a blossoming altar of Fedhas.
  8567 | D:8      | Reached ***** piety under Lugonu
  8702 | D:8      | Noticed Pikel
  8723 | D:8      | Killed Pikel
  8724 | D:8      | Reached skill level 10 in Fighting
  9090 | D:9      | Noticed a two-headed ogre
  9193 | D:9      | Noticed a deep elf pyromancer
  9201 | D:9      | Killed a deep elf pyromancer
  9202 | D:9      | Reached skill level 10 in Armour
  9202 | D:9      | Reached XP level 11. HP: 86/99 MP: 15/15
  9698 | D:10     | Noticed Nergalle
  9722 | D:10     | Killed Nergalle
 10163 | D:10     | Found a runed translucent gate.
 10163 | D:10     | Found a runed translucent gate.
 10163 | D:10     | Found a runed translucent gate.
 10164 | D:10     | Noticed Borgoz's ghost (journeyman GrBe)
 10170 | D:10     | Noticed Joseph
 10185 | D:10     | Killed Joseph
 10557 | D:11     | Noticed Erolcha
 10572 | D:11     | Killed Erolcha
 10821 | D:11     | Found a staircase to the Lair.
 10993 | D:10     | Noticed a deep elf pyromancer
 11001 | D:10     | Killed a deep elf pyromancer
 11002 | D:10     | Reached skill level 10 in Invocations
 11260 | D:10     | Killed Borgoz's ghost
 11690 | D:11     | Reached XP level 12. HP: 106/106 MP: 19/19
 11805 | D:11     | Found a staircase to the Orcish Mines.
 12326 | D:12     | Noticed a six-headed hydra
 12337 | D:12     | Killed a five-headed hydra
 12552 | D:12     | Found an iron altar of Okawaru.
 12698 | D:12     | Found a runed translucent gate.
 12698 | D:12     | Found a runed translucent gate.
 12698 | D:12     | Found a runed translucent gate.
 12699 | D:12     | Noticed a red very ugly thing
 12850 | D:12     | Noticed a two-headed ogre
 12850 | D:12     | Noticed an ogre mage
 12851 | D:12     | Noticed a two-headed ogre
 12851 | D:12     | Noticed a two-headed ogre
 12851 | D:12     | Noticed a two-headed ogre
 12851 | D:12     | Noticed a two-headed ogre
 12881 | D:12     | Killed a two-headed ogre
 12887 | D:12     | Paralysed by something for 6 turns
 12900 | D:12     | Killed an ogre mage
 13002 | D:12     | Killed a two-headed ogre
 13060 | D:12     | Killed a two-headed ogre
 13209 | D:12     | Killed a two-headed ogre
 13278 | D:12     | Killed a two-headed ogre
 13881 | Lair:1   | Entered Level 1 of the Lair of Beasts
 13990 | Lair:1   | Noticed a seven-headed hydra
 14001 | Lair:1   | Killed a three-headed hydra
 14302 | Lair:1   | Reached XP level 13. HP: 112/113 MP: 22/22
 14342 | Lair:1   | Reached ****** piety under Lugonu
 14858 | Lair:1   | Reached skill level 15 in Invocations
 14964 | Lair:1   | Reached skill level 1 in Evocations
 16159 | Lair:2   | Reached skill level 11 in Fighting
 17221 | Lair:3   | Reached skill level 5 in Evocations
 17556 | Lair:3   | You are sucked into a shaft and drop 3 floors!
 17556 | Lair:6   | Entered Level 6 of the Lair of Beasts
 17765 | Lair:4   | Reached skill level 12 in Fighting
 17765 | Lair:4   | Reached XP level 14. HP: 114/126 MP: 24/24
 18098 | Lair:3   | Identified the +1 ring mail "Ettus" {rPois Int+4 Dex+9}
 18271 | Lair:4   | Found a staircase to the Snake Pit.
 19393 | Lair:4   | Found a staircase to the Shoals.
 20218 | Lair:5   | Reached skill level 13 in Fighting
 20919 | Lair:5   | Found a staircase to the Slime Pits.
 20921 | Lair:5   | Paralysed by a floating eye for 4 turns
 22358 | Lair:6   | Found a runed translucent gate.
 22359 | Lair:6   | Found a runed translucent gate.
 22359 | Lair:6   | Found a runed translucent gate.
 22363 | Lair:6   | Noticed diceflayer's ghost (journeyman MiFi)
 23049 | Lair:6   | Reached skill level 14 in Fighting
 23049 | Lair:6   | Reached XP level 15. HP: 100/138 MP: 25/25
 23415 | Lair:6   | Identified the amulet of Sukenomu {rC- rN++ Regen+ MP+9
                  | Stlth+}
 23751 | D:13     | Noticed Rupert
 24049 | D:13     | Paralysed by Rupert for 2 turns
 24050 | D:13     | Killed Rupert
 24110 | D:13     | Noticed Maurice
 24124 | D:13     | Killed Maurice
 24906 | D:14     | Found a gate to the Vaults.
 25677 | D:14     | Found a glowing golden altar of the Shining One.
 25737 | D:15     | Entered Level 15 of the Dungeon
 26346 | D:15     | Reached skill level 15 in Fighting
 26389 | D:15     | Reached skill level 15 in Armour
 26648 | D:15     | Found a staircase to the Depths.
 27044 | D:15     | Noticed Azrael
 27056 | D:15     | Killed Azrael
 27057 | D:15     | Reached skill level 10 in Evocations
 27951 | Orc:1    | Entered Level 1 of the Orcish Mines
 28678 | Orc:2    | Entered Level 2 of the Orcish Mines
 28678 | Orc:2    | Found a staircase to the Elven Halls.
 28678 | Orc:2    | Found a flickering gateway to a bazaar.
 28930 | Bazaar   | Entered a bazaar
 29032 | Bazaar   | Found Bikhlih's Book Emporium.
 29032 | Bazaar   | Found Fasoets's Assorted Antiques.
 29054 | Bazaar   | Found Ecadog's Weapon Emporium.
 29054 | Bazaar   | Found Zuarics's Weapon Shoppe.
 29076 | Bazaar   | Found Guawoeqy's Antique Weapon Emporium.
 29076 | Bazaar   | Found Koutyull's Armour Shoppe.
 29098 | Bazaar   | Found Kemopn's Antique Weapon Emporium.
 29163 | Bazaar   | Bought a +2 broad axe of electrocution for 264 gold pieces
 29235 | Orc:1    | Reached skill level 16 in Fighting
 30508 | Orc:2    | HP: 2/145 [orc warrior (27)]
 30512 | Orc:2    | Slain by an orc warrior

Illustrated notes

Levels and vault maps discovered:
D:1:      dpeg_arrival_pond, layout_loops_ring
D:2:      minmay_razor_zed, layout_basic, serial_shops, shop, nrook_uturn,
          kennysheep_jessica_study, uniq_sigmund
D:3:      layout_basic, uniq_terence, uniq_purgy
D:4:      layout_basic, hellmonk_ghost_happy_afterlife, uniq_eustachio
D:5:      layout_basic, minmay_temple_entry_slanted
D:6:      layout_cave_pools, xom_redecorated
D:7:      layout_cave_pods, nzn_wu_jian_council_hall, serial_park,
          serial_park_avenue1, serial_park_tiny_pond, serial_park_square3
          [serial_park_minivault_5x5_3], serial_park_tiny_2, serial_park_tiny_1,
          minmay_manual_monolith
D:8:      layout_cave_pools, uniq_pikel
D:9:      minmay_diamond_stairs, layout_long_grid, minitemple,
          nzn_ghost_randoct, serial_shops, shop
D:10:     layout_irregular_city, gammafunk_ghost_nasty_kobolds,
          minmay_misc_feat_roman, uniq_joseph, uniq_nergalle
D:11:     layout_loops_ring, erik_lair_island, erik_orc_1, minivault_10,
          uniq_erolcha, uniq_erica
D:12:     layout_roguey, ploomutoo_gammafunk_ghost_potion_laboratory,
          okawaru_humans
D:13:     layout_cave_pools, moated_statue, uniq_maurice, uniq_rupert
D:14:     layout_roguey, david_vaults_5, tso_altar, st_stairs_6
D:15:     grunt_enter_depths_hoard, layout_rooms,
          chequers_serial_rivers_micro_e, uniq_azrael
Lair:1:   beast_lair_carwin_large_4, layout_cellular_growth
Lair:2:   layout_roguey, grunt_megastairs_4
Lair:3:   layout_chaotic_city, st_stairs_5, serial_bayou_shore_b
Lair:4:   layout_cave_pods, shoals_dummy_entry, dummy_snake_entry
Lair:5:   layout_gridlike, minmay_slime_entry_eyes, st_stairs_5,
          minmay_hedge_maze, lemuel_fruit_fields
Lair:6:   evilmike_catoblepas_cave, layout_regular_city,
          nicolae_volcano_entry_batcave, gammafunk_ghost_necromancy
Orc:1:    layout_diamond_mine
Orc:2:    st_orc_rangers, layout_caves, serial_shops, bzr_entry_lakeside,
          statue_in_the_mist_lemuel, lightli_orcish_oven

Skill      XL: |  1  2  3  4  5  6  7  8  9 10 11 12 13 14 15 |
---------------+----------------------------------------------+-----
Fighting       | 4 5 6 7 8 10 12 14 16 | 16.4
Armour         | 3 5 6 8 10 12 13 15 | 15.0
Long Blades    | 3 4 6 9 10 11 12 14 | 14.0
Invocations    | 3 5 7 11 14 15 | 15.0
Evocations     | 5 8 10 | 10.0
Dodging        | |  1.1

Action                   |  1- 3 |  4- 6 |  7- 9 | 10-12 | 13-15 || total
-------------------------+-------+-------+-------+-------+-------++-------
Melee: Falchion          |    92 |    31 |   192 |   372 |       ||   687
       Headbutt          |    13 |    11 |    48 |   134 |   291 ||   497
       Short sword       |       |    40 |     3 |       |       ||    43
       Scimitar          |       |       |       |   143 |  1170 ||  1313
Throw: Dart              |       |       |     3 |    15 |     9 ||    27
Invok: Depart the Abyss  |     1 |       |       |       |       ||     1
Evoke: Wand              |       |       |     1 |     5 |     1 ||     7
       Box of beasts     |       |       |       |       |     1 ||     1
       Phantom mirror    |       |       |       |       |     1 ||     1
  Use: Scroll            |       |     4 |     3 |    15 |     7 ||    29
       Potion            |       |       |     4 |       |     4 ||     8
 Stab: Petrified         |       |       |       |       |     2 ||     2
Armor: Leather armour    |    24 |       |       |       |       ||    24
       Scale mail        |    22 |    19 |     3 |       |       ||    44
       Chain mail        |       |       |    82 |   249 |   751 ||  1082
Dodge: Dodged            |    55 |    37 |   119 |   223 |   659 ||  1093
Block: Other             |    15 |     2 |       |       |       ||    17
       Rpst.: Falchion   |    13 |     5 |    23 |    41 |       ||    82
       Scimitar          |       |       |       |    14 |   134 ||   148
